Map: Crimson Court LE

Players

ManlyManMeat - Winner!

  • Race: Zerg Zerg
  • Spawn Location: 7:00

VOD

Have the link to the VOD?

Description

Time

  • Played on: Sept. 10, 2024, 11:41 a.m.
  • Length: 16:57
Show
View Real Time Build Order
Export as new Build Order

ManlyManMeat Zerg - Winner!

Build Orders:  

Get SALT Encoding   

  12  0:01  Drone  
  13  0:20  Overlord  
  13  0:26  Drone  
  14  0:51  Drone  
  14  0:53  Drone x2  
  17  1:16  Hatchery  
  16  1:24  Drone  
  16  1:25  Drone  
  18  1:32  Extractor  
  17  1:54  Drone  
  17  1:55  Drone  
  19  2:01  Spawning Pool  
  19  2:07  Spawning Pool  
  18  2:11  Drone  
  19  2:25  Drone  
  20  2:40  Overlord  
  20  2:59  Drone x2  
  22  3:09  Drone  
  23  3:16  Queen  
  23  3:19  Queen  
  27  3:30  Drone x2  
  27  3:31  Drone  
  30  3:52  Drone  
  30  3:53  Drone  
  30  3:54  Drone  
  33  4:09  Hatchery  
  32  4:10  Queen  
  34  4:23  Drone x2  
  34  4:27  Overlord  
  36  4:33  Metabolic Boost  
  36  4:53  Drone x5  
  41  5:24  Overlord  
  41  5:25  Overlord  
  41  5:26  Drone x3  
  44  5:45  Overlord  
  44  5:47  Overlord  
  44  5:52  Drone x9  
  53  6:19  Drone x5  
  58  6:45  Extractor  
  57  6:57  Baneling Nest  
  56  7:11  Overlord  
  56  7:15  Overlord  
  56  7:17  Overlord  
  56  7:18  Overlord  
  56  7:21  Drone x12  
  68  7:42  Extractor  
  68  7:45  Extractor  
  66  7:55  Evolution Chamber  
  66  7:59  Evolution Chamber  
  64  8:15  Zergling x26  
  73  9:41  Zergling x8  
  73  9:42  Zergling x4  
  73  9:48  Overlord  
  79  9:50  Overlord  
  79  9:51  Overlord  
  79  9:52  Overlord  
  79  10:00  Overlord  
  79  10:01  Overlord  
  79  10:02  Overlord  
  79  10:10  Zerg Melee Weapons Level 1, Zerg Ground Armor Level 1  
  78  10:34  Lair  
  78  10:48  Hatchery  
  77  10:50  Hatchery  
  77  10:51  Hatchery  
  75  11:14  Zergling x32  
  91  11:56  Hatchery  
  90  12:48  Zergling x24  
  90  12:49  Zergling x24  
  114  13:01  Centrifugal Hooks  
  114  13:09  Zerg Melee Weapons Level 2, Zerg Ground Armor Level 2  
  114  13:19  Baneling x4  
  81  13:20  Baneling x32  
  114  13:33  Extractor  
  114  13:35  Extractor  
  112  13:51  Extractor  
  112  13:53  Extractor  
  112  13:54  Zergling x12  
  112  13:55  Zergling x60  
  146  14:24  Zergling x36  
  164  14:31  Overlord  
  164  14:32  Overlord  
  164  14:33  Overlord  
Tags
 
Matchup
Co-op
Replay Pack
ee
Add a new tag
Caveats
  • Supply blocks, unpowered buildings, or Contaminate may cause inaccurate times.
  • Supply counts are checked every 10 seconds.